 Dungeon Crawl Stone Soup version 0.30-a0-691-g754fce4c43 (webtiles) character file.

Game seed: 11445901001704827322

2914 lesbiats the Destroyer (level 9, -6/75 HPs)
             Began as a Yellow Draconian Conjurer on Jan 20, 2023.
             Was a Priest of Fedhas.
             Mangled by a wyvern (8 damage)
             ... on level 8 of the Dungeon.
             The game lasted 00:35:41 (8511 turns).

lesbiats the Destroyer (Yellow Draconian Conjurer)  Turns: 8511, Time: 00:35:41

Health: -6/75      AC: 12    Str: 10    XL:     9   Next: 50%
Magic:  3/18       EV: 13    Int: 22    God:    Fedhas [***...]
Gold:   309        SH:  0    Dex: 10    Spells: 1/20 levels left

rFire   . . .      SeeInvis .    L - +5 quarterstaff (spect)
rCold   . . .      Faith    .    (shield currently unavailable)
rNeg    . . .      Spirit   .    (body armour unavailable)
rPois   .          Reflect  .    (helmet restricted)
rElec   .          Harm     .    (no cloak)
rCorr   +          Rampage  .    (no gloves)
Will    +....                    h - +0 pair of boots
Stlth   ++                       (no amulet)
HPRegen 0.32/turn                C - +4 ring of protection
MPRegen 0.16/turn                l - ring of willpower

@: about to teleport, studying Transmutations
A: spit acid, AC +7, unfitting armour, cold-blooded, acid resistance
a: Breathe Acid, Renounce Religion, Wall of Briars, Grow Ballistomycete


You were on level 8 of the Dungeon.
You worshipped Fedhas.
Fedhas was most pleased with you.
You visited 2 branches of the dungeon, and saw 9 of its levels.

You collected 491 gold pieces.
You spent 182 gold pieces at shops.

Inventory:

Hand Weapons
 i - a +0 club
 s - a +2 antimagic rapier
 u - a +0 dagger
 z - a +2 dagger of speed
 A - a +0 short sword of electrocution
 L - a +5 spectral quarterstaff (weapon)
Missiles
 f - 12 poisoned darts
 n - 11 curare-tipped darts
 G - 5 javelins
Armour
 h - a +0 pair of boots (worn)
 M - a +0 tower shield
Magical Staves
 D - a staff of earth
Jewellery
 b - a +6 ring of strength
 j - a ring of protection from cold
 l - a ring of willpower (right hand)
 o - a ring of positive energy
 t - a ring of ice
 B - a +5 ring of evasion
 C - a +4 ring of protection (left hand)
 F - a ring of flight
 K - a ring of protection from cold
Wands
 r - a wand of flame (9)
 I - a wand of paralysis (13)
 R - a wand of quicksilver (8)
Scrolls
 d - 2 scrolls of enchant weapon {unknown}
 e - 4 scrolls of teleportation
 g - a scroll of fog {unknown}
 k - 5 scrolls of silence
 q - 3 scrolls of brand weapon
 y - a scroll of butterflies {unknown}
 E - 2 scrolls of amnesia {unknown}
 J - a scroll of magic mapping {unknown}
 O - a scroll of poison {unknown}
 P - a scroll of noise {unknown}
 Q - a scroll of identify
Potions
 a - 3 potions of magic
 c - a potion of curing
 m - 2 potions of heal wounds {unknown}
 p - 3 potions of lignification
 v - a potion of ambrosia {unknown}
 w - a potion of flight {unknown}
 x - 4 potions of attraction
 H - a potion of brilliance {unknown}
 N - a potion of might {unknown}


   Skills:
 + Level 6.2 Fighting
 + Level 5.5 Dodging
 - Level 1.7 Stealth
 + Level 6.0 Spellcasting
 * Level 9.0 Conjurations
 + Level 2.6 Transmutations


You had one spell level left.
You knew the following spells:

 Your Spells              Type           Power      Damage    Failure   Level
a - Magic Dart            Conj           100%       1d8       1%          1
b - Iskenderun's Mystic   Conj/Tloc      26%        2d7       14%         4
c - Stone Arrow           Conj/Erth      52%        3d10      4%          3
f - Fulminant Prism       Conj/Hex       13%        3d9       14%         4
g - Dazzling Flash        Conj/Hex       52%        N/A       4%          3
p - Passwall              Tmut/Erth      10%        N/A       9%          2
r - Searing Ray           Conj           92%        2d7       1%          2

Your spell library contained the following spells:

 Spells                   Type           Power      Damage    Failure   Level
 Beastly Appendage        Tmut           36%        N/A       3%          1
 Sandblast                Erth           12%        2d6       9%          1
 Slow                     Hex            24%        N/A       9%          1
 Momentum Strike          Conj/Tloc      52%        3d9       2%          2
 Wereblood                Tmut           18%        N/A       4%          2
 Hailstorm                Conj/Ice       26%        3d7       4%          3
 Blink                    Tloc           12%        N/A       14%         2
 Cigotuvi's Dreadful Rot  Necr/Pois/Air  12%        N/A       14%         2
 Lesser Beckoning         Tloc           12%        N/A       14%         2
 Spider Form              Tmut/Pois      12%        N/A       16%         3
 Call Canine Familiar     Summ           6%         N/A       26%         3
 Confusing Touch          Hex            6%         N/A       26%         3
 Portal Projectile        Hex/Tloc       12%        N/A       26%         3
 Vampiric Draining        Necr           6%         2d6       26%         3
 Ice Form                 Ice/Tmut       12%        N/A       47%         4
 Dispel Undead            Necr           6%         3d8       65%         4
 Leda's Liquefaction      Hex/Erth       3%         N/A       65%         4
 Death Channel            Necr           3%         N/A       100%        6
 Simulacrum               Ice/Necr       3%         N/A       100%        6


Dungeon Overview and Level Annotations

Branches:
Dungeon (8/15)             Temple (1/1) D:4
   Lair: D:8-11

Altars:
Ashenzari
Cheibriados
Dithmenos
Elyvilon
Fedhas
Gozag
Kikubaaqudgha
Makhleb
Nemelex Xobeh
Okawaru
Qazlal
Ru
Sif Muna
Trog
Uskayaw
Vehumet
Wu Jian
Xom
Zin
The Shining One

Shops:
D:6 [   D:7 (*[:([


Innate Abilities, Weirdness & Mutations

You can spit globs of acid.
Your golden yellow scales are hard. (AC +7)
You cannot fit into any form of body armour.
You are cold-blooded and may be slowed by cold attacks.
You are resistant to acid. (rCorr)


Message History

The wyvern closely misses you.
The gnoll bouda attacks as you move away!
The gnoll bouda hits you with a +0 club.
The wyvern bites you! The wyvern barely misses you.
The gnoll bouda barks out a call to the hunt!
The gnolls pick up the pace!
You hear a shout!
The wyvern attacks as you move away! The wyvern bites you.
The wyvern closely misses you. The orc hits you but does no damage.
The wyvern attacks as you move away! The wyvern barely misses you.
The bullfrog attacks as you move away!
The bullfrog hits you but does no damage.
The orc hits you with a +0 flail. The orc hits you with a +0 flail.
The orc attacks as you move away! The orc closely misses you.
The bullfrog releases a deep croak.
The wyvern bites you but does no damage.
The bullfrog hits you but does no damage.
Things that are here:
a +0 hand axe; a +0 ring mail The wyvern attacks as you move away!
The wyvern bites you! The orc hits you but does no damage.
There is an open door here.
The wyvern bites you!
* * * LOW HITPOINT WARNING * * *
Your attacks no longer feel as feeble.
You feel better. The wyvern bites you!
* * * LOW HITPOINT WARNING * * *
The wyvern bites you!
* * * LOW HITPOINT WARNING * * *
Okay, then.
Okay, then.
Okay, then.
Okay, then.
As you read the scroll of teleportation, it crumbles to dust.
You feel strangely unstable.
The wyvern bites you but does no damage.
The wyvern bites you!
You die...
Fedhas appreciates your contribution to the ecosystem.

#.....#.)...#.#####
#..⌠..#.o...#.....#
..⌠⌠⌠........o....#
.⌠..#.....#..g..#
... #.....#.o)..# #
#. ###.###.#l###.#
. .......#F# #.#
#.#...###l##..#
...#..####.@...#
.#...####..#.#.# ..
...........#
.#.#####.### #.#
#.# #.# #.# #.#


You could see 2 wyverns, a bullfrog, a gnoll bouda, an orc priest and an orc.

Vanquished Creatures
  Pikel (D:4)
  Sigmund (D:4)
  A wyvern (D:8)
  Duvessa (D:4)
  2 black bears (D:5)
  2 orc warriors
  A centaur (D:7)
  An ogre (D:5)
  A lemure (D:3)
  A kobold brigand (D:5)
  A necrophage (D:5)
  3 scorpions
  4 bullfrogs
  Dowan (D:4)
  2 howler monkeys (D:5)
  A jelly (D:6)
  An orc priest (D:4)
  7 hounds
  Jessica (D:3)
  2 iguanas
  Natasha (thrice) (D:3)
  3 orc wizards
  9 gnolls
  7 adders
  2 shadow imps (D:7)
  2 ufetubi
  3 worms
  2 dart slugs
  24 orcs
  11 endoplasms
  3 giant cockroaches
  6 goblins
  11 hobgoblins
  2 quokkas
  8 ball pythons
  7 bats
  7 frilled lizards
  14 kobolds
  5 rats
164 creatures vanquished.

Vanquished Creatures (collateral kills)
  An iguana (D:5)
1 creature vanquished.

Vanquished Creatures (others)
  3 fulminant prisms
  7 fungi (D:7)
10 creatures vanquished.

Grand Total: 175 creatures vanquished

Notes
Turn   | Place    | Note
-------+----------+-------------------------------------------
     0 | D:1      | lesbiats the Draconian Conjurer began the quest for the
                  | Orb.
     0 | D:1      | Reached XP level 1. HP: 14/14 MP: 3/3
   258 | D:1      | Reached XP level 2. HP: 22/22 MP: 0/5
   639 | D:1      | Reached skill level 1 in Fighting
  1157 | D:2      | Learned a level 2 spell: Searing Ray
  1204 | D:2      | Reached XP level 3. HP: 20/28 MP: 6/6
  1517 | D:2      | Found a faded altar of an unknown god.
  1578 | D:2      | Prayed at the altar of an unknown god.
  1578 | D:2      | Became a worshipper of Fedhas Madash
  1578 | D:2      | Reached * piety under Fedhas
  1883 | D:2      | You fall into a shaft and drop 1 floor!
  1965 | D:3      | Reached XP level 4. HP: 35/35 MP: 6/8
  2088 | D:3      | Found a sacrificial altar of Ru.
  2090 | D:3      | Noticed Natasha
  2100 | D:3      | Killed Natasha
  2135 | D:3      | Learned a level 4 spell: Fulminant Prism
  2148 | D:3      | Noticed Natasha
  2151 | D:3      | Killed Natasha
  2269 | D:2      | Reached XP level 5. HP: 41/41 MP: 5/10
  2424 | D:2      | Reached ** piety under Fedhas
  2648 | D:3      | Noticed Natasha
  2654 | D:3      | Killed Natasha
  2896 | D:3      | Noticed Jessica
  2899 | D:3      | Killed Jessica
  3076 | D:4      | Noticed a lemure
  3085 | D:4      | Noticed Pikel
  3086 | D:4      | Noticed a lemure
  3087 | D:4      | Noticed a lemure
  3123 | D:3      | Killed a lemure
  3174 | D:4      | Noticed Dowan
  3175 | D:4      | Noticed Duvessa
  3193 | D:4      | HP: 2/42 [Duvessa/+2 antimagic rapier (1)]
  3722 | D:4      | Killed Pikel
  3723 | D:4      | Reached skill level 6 in Conjurations
  3723 | D:4      | Reached XP level 6. HP: 13/51 MP: 6/12
  3723 | D:4      | Your scales start taking on a golden yellow colour.
  3723 | D:4      | Reached XP level 7. HP: 15/57 MP: 6/13
  3723 | D:4      | Gained mutation: You are resistant to acid. (rCorr) [Yellow
                  | Draconian growth]
  4081 | D:4      | Killed Duvessa
  4102 | D:4      | Killed Dowan
  4274 | D:4      | Reached XP level 8. HP: 63/66 MP: 1/15
  4500 | D:4      | Noticed Sigmund
  4515 | D:4      | Killed Sigmund
  4516 | D:4      | Reached skill level 7 in Conjurations
  4683 | D:4      | Found a staircase to the Ecumenical Temple.
  4707 | D:4      | Reached skill level 5 in Spellcasting
  4824 | D:4      | Found an ornate altar of the Wu Jian Council.
  4891 | D:4      | Found a white marble altar of Elyvilon.
  5032 | Temple   | Entered the Ecumenical Temple
  5170 | D:5      | Entered Level 5 of the Dungeon
  5195 | D:5      | Reached *** piety under Fedhas
  5265 | D:5      | Learned a level 4 spell: Iskenderun's Mystic Blast
  5306 | D:5      | Found a broken altar of Ashenzari.
  5377 | D:5      | Reached skill level 5 in Fighting
  5395 | D:5      | Reached skill level 8 in Conjurations
  5413 | D:5      | Reached skill level 5 in Dodging
  5414 | D:5      | Reached XP level 9. HP: 15/74 MP: 3/17
  5839 | D:5      | Learned a level 2 spell: Passwall
  5843 | D:5      | Learned a level 3 spell: Stone Arrow
  5847 | D:5      | Learned a level 3 spell: Dazzling Flash
  6155 | D:6      | Found a glowing silver altar of Zin.
  6466 | D:6      | Found Todugiol's Antique Armour Shoppe.
  7227 | D:7      | Found Zokira Peawk's Weapon Emporium.
  7280 | D:7      | Reached skill level 1 in Transmutations
  7373 | D:7      | Found Basomeg's Overcharged Wands.
  7392 | D:7      | Found Rutyan Woxe's Antique Weapon Shop.
  7499 | D:7      | Bought a glowing quarterstaff for 182 gold pieces
  7623 | D:7      | Found Guuriar's Antique Armour Shop.
  8035 | D:7      | Found a blossoming altar of Fedhas.
  8071 | D:7      | Found Ticvug's Antique Armour Boutique.
  8229 | D:7      | Found Abubb's Book Shoppe.
  8497 | D:8      | Reached skill level 9 in Conjurations
  8509 | D:8      | HP: 1/75 [wyvern (13)]
  8511 | D:8      | Mangled by a wyvern

Illustrated notes

Levels and vault maps discovered:
D:1:      erik_arrival_cave_to_civilisation [erik_arrival_cave_to_hall],
          layout_basic, grunt_decor_arrowhead, minmay_vboxes
D:2:      layout_basic, basic_ecumenical_altar, nicolae_half_adder
D:3:      layout_rooms, nicolae_ru_sacrificial_ziggurat, uniq_natasha,
          uniq_jessica
D:4:      minmay_opposing_rooms, layout_basic,
          mainiacjoe_overflow_large_starburst, temple_green, uniq_duvessa,
          uniq_pikel, uniq_sigmund
D:5:      layout_basic, ashenzari_conservatory_becter, serial_rivers,
          chequers_serial_rivers_micro_c, chequers_serial_rivers_micro_a,
          chequers_serial_rivers_small_3, chequers_serial_rivers_micro_a,
          chequers_serial_rivers_micro_a, chequers_serial_rivers_micro_b
D:6:      layout_basic, zin_academy, serial_shops, shop, minmay_manual_moon
D:7:      layout_loops_ring, mainiacjoe_overflow_chevrons, serial_shops,
          nicolae_shop_statue_plus, nicolae_square_shop,
          nicolae_shop_bloodbath_and_beyond, nicolae_shop_overgrown_old_shop,
          shop, nicolae_shop_overcharged_wands
D:8:      layout_basic, serial_park_tiny_1, abandoned_shop,
          chequers_serial_rivers_micro_c, minmay_chambers_of_fives
Temple:   eino_temple_lava

Skill      XL: |  1  2  3  4  5  6  7  8  9 |
---------------+----------------------------+-----
Dodging        | 2 3 4 5 |  5.5
Fighting       | 1 2 3 4 5 6 |  6.2
Spellcasting   | 3 4 5 6 |  6.0
Conjurations   | 6 8 9 |  9.0
Transmutations | 2 |  2.6
Stealth        | |  1.7

Action                   |  1- 3 |  4- 6 |  7- 9 || total
-------------------------+-------+-------+-------++-------
Melee: Dagger            |    67 |       |       ||    67
       Unarmed           |     8 |       |       ||     8
       Tailslap          |    16 |       |     7 ||    23
       Punch             |     1 |       |       ||     1
       Club              |    30 |    12 |     1 ||    43
       Rapier            |       |       |    41 ||    41
       Short sword       |       |       |     5 ||     5
       Quarterstaff      |       |       |     5 ||     5
Throw: Dart              |       |       |     8 ||     8
 Cast: Magic Dart        |    52 |    68 |    85 ||   205
       Searing Ray       |     1 |     7 |    13 ||    21
       Fulminant Prism   |       |       |     3 ||     3
       Stone Arrow       |       |       |    34 ||    34
Invok: Wall of Briars    |       |       |     2 ||     2
 Abil: Breathe Acid      |       |       |     3 ||     3
Evoke: Wand              |       |       |     4 ||     4
  Use: Potion            |       |     1 |     2 ||     3
       Scroll            |       |       |     7 ||     7
Armor: Skin              |    64 |    24 |    77 ||   165
Dodge: Dodged            |   107 |    57 |   161 ||   325
Block: Tower shield      |       |       |     1 ||     1

Table legend: (Time is in decaauts)
 A = Elapsed time spent in this place.
 B = Non-inter-level travel time spent in this place.
 C = Inter-level travel time spent in this place.
 D = Time resting spent in this place.
 E = Time spent auto-exploring this place.
 F = Levels seen in this place.
 G = Mean time per level.
                   A        B        C        D        E       F      G
               +--------+--------+--------+--------+--------+-----+--------+
         Total |   8550 |   7877 |    673 |   2032 |   4401 |   9 |  950.0 |
       Dungeon |   8484 |   7820 |    664 |   2032 |   4352 |   8 | 1060.5 |
        Temple |     66 |     57 |      9 |      0 |     49 |   1 |   66.0 |
               +--------+--------+--------+--------+--------+-----+--------+

Top non-repeatable levels by time:
     D:4: 1531 daAuts
     D:3: 1444 daAuts
     D:1: 1155 daAuts
     D:6: 1124 daAuts
     D:2: 1095 daAuts
     D:5: 1008 daAuts
     D:7: 909 daAuts
     D:8: 214 daAuts
  Temple: 66 daAuts
